 Dungeon Crawl Stone Soup version 0.23-b1-3-gdda8187 (webtiles) character file.

Game seed: 4679779408951205417

334 Hylith the Grave Robber (level 6, -1/44 HPs)
             Began as a Gnoll Wanderer on Jan 31, 2019.
             Was an Initiate of Okawaru.
             Succumbed to an orc wizard's poison
             ... on level 3 of the Dungeon.
             The game lasted 00:11:01 (3123 turns).

Hylith the Grave Robber (Gnoll Wanderer)            Turns: 3123, Time: 00:11:01

Health: -1/44      AC: 10    Str: 16    XL:     6   Next: 53%
Magic:  8/9        EV: 12    Int: 15    God:    Okawaru [......]
Gold:   223        SH:  0    Dex: 14    Spells: 9/9 levels left

rFire    . . .     SeeInvis .   i - +2 trident (protect)
rCold    . . .     Gourm    .   (no shield)
rNeg     . . .     Faith    .   (no armour)
rPois    .         Spirit   .   (no helmet)
rElec    .         Reflect  .   (no cloak)
rCorr    .         Harm     .   (no gloves)
MR       .....                  (no boots)
Stlth    ++........             (no amulet)
HPRegen  0.14/turn              b - +3 ring of protection
MPRegen  0.11/turn              p - ring of wizardry

@: lethally poisoned (-1 -> -48), protection aura
A: distributed training, fangs 1, strong nose
a: Renounce Religion


You were on level 3 of the Dungeon.
You worshipped Okawaru.
Okawaru was noncommittal.
You were not hungry.

You visited 2 branches of the dungeon, and saw 5 of its levels.

You collected 223 gold pieces.

Inventory:

Hand Weapons
 i - a +2 trident of protection (weapon)
Armour
 a - a +2 scale mail
 s - a +0 plate armour
Jewellery
 b - a +3 ring of protection (left hand)
 h - an uncursed ring of ice
 p - a ring of wizardry (right hand)
Scrolls
 d - a scroll of teleportation
 e - a scroll of enchant weapon {unknown}
 g - 2 scrolls of magic mapping {unknown}
 j - a scroll of fog {unknown}
 l - 3 scrolls of fear {unknown}
 m - 2 scrolls of identify
 o - 2 scrolls of noise {unknown}
 r - a scroll of enchant armour {unknown}
Potions
 c - a potion of magic
 k - 2 potions of curing
 n - a potion of mutation {unknown}
 q - a potion of haste {unknown}
 t - 2 potions of degeneration {unknown}
Comestibles
 f - 4 rations


   Skills:
 + Level 2.0 Fighting
 + Level 2.0 Short Blades
 + Level 2.0 Long Blades
 + Level 5.0 Axes
 + Level 2.0 Maces & Flails
 + Level 2.0 Polearms
 + Level 2.0 Staves
 + Level 2.0 Slings
 + Level 2.0 Bows
 + Level 2.0 Crossbows
 + Level 3.2 Throwing
 + Level 3.2 Armour
 + Level 2.0 Dodging
 + Level 3.1 Stealth
 + Level 2.0 Shields
 + Level 2.0 Unarmed Combat
 + Level 2.0 Spellcasting
 + Level 1.5 Conjurations
 + Level 1.5 Hexes
 + Level 1.5 Charms
 + Level 1.5 Summonings
 + Level 5.6 Necromancy
 + Level 1.5 Translocations
 + Level 1.5 Transmutations
 + Level 1.5 Fire Magic
 + Level 1.5 Ice Magic
 + Level 4.1 Air Magic
 + Level 1.5 Earth Magic
 + Level 1.5 Poison Magic
 + Level 2.1 Invocations
 + Level 2.0 Evocations


You had 9 spell levels left.
You didn't know any spells.
Your spell library contained the following spells:

 Spells                   Type           Power        Failure   Level  Hunger
 Corpse Rot               Necr           N/A          1%          2    ###....
 Sublimation of Blood     Necr           ###.......   1%          2    ###....
 Poisonous Vapours        Pois/Air       ##....       4%          2    ###....
 Swiftness                Chrm/Air       ##......     4%          2    ###....


Dungeon Overview and Level Annotations

Branches:
Dungeon (4/15)             Temple (1/1) D:4

Altars:
Cheibriados
Fedhas
Gozag
Hepliaklqana
Kikubaaqudgha
Okawaru
Wu Jian


Innate Abilities, Weirdness & Mutations

Your experience applies equally to all skills.
You have very sharp teeth.
Your uncanny sense of smell can sniff out nearby items.


Message History

The orc wizard hits you but does no damage.
You are more poisoned.
You puncture the orc wizard!
You kill the orc wizard!
Okawaru accepts your kill.
Your Fighting skill increases to level 2!
Your Short Blades skill increases to level 2!
Your Long Blades skill increases to level 2!
Your Axes skill increases to level 5!
Your Maces & Flails skill increases to level 2!
Your Polearms skill increases to level 2!
Your Staves skill increases to level 2!
Your Slings skill increases to level 2!
Your Bows skill increases to level 2!
Your Crossbows skill increases to level 2!
Your Dodging skill increases to level 2!
Your Shields skill increases to level 2!
Your Unarmed Combat skill increases to level 2!
Your Spellcasting skill increases to level 2!
Your Evocations skill increases to level 2!
You die...

######## #.# #.##.......
#...# ######÷##
#)##....... ## #...#
#.......# #.##....... .#
#...# #....)#.##
#.##....... .###.<.#
#........# #......†
.......# #........#
#....... ##.#...#
#........####. #.......
##.#...# ###...........
#....... ##.#...#
#...@....... ####...#
...#...# #...).......
#...# ####..##
#........... #...# ####
#........... #....
#........... ####.
#........... #. ##
#........... #.
.############.....[.....
#. .#.....)...# ..$.# #.


There were no monsters in sight!

Vanquished Creatures
  An orc wizard (D:3)
  3 hounds (D:4)
  2 worker ants (D:4)
  7 adders
  2 oozes (D:4)
  An adder skeleton (D:4)
  2 worms
  A dart slug (D:1)
  2 leopard geckos
  10 orcs
  9 bats
  3 giant cockroaches
  7 goblins
  6 hobgoblins
  4 jackals (D:3)
  8 kobolds
  2 quokkas
  5 frilled lizards (D:2)
  A quokka skeleton (D:4)
  6 rats
82 creatures vanquished.

Notes
Turn   | Place    | Note
-------+----------+-------------------------------------------
     0 | D:1      | Hylith the Gnoll Wanderer began the quest for the Orb.
     0 | D:1      | Hylith set off with the following items: a +2 scale mail, a
                  | +0 club, a ration; and the following spells available to
                  | memorise: Corpse Rot, Sublimation of Blood, Poisonous
                  | Vapours, Swiftness
     0 | D:1      | Reached XP level 1. HP: 13/13 MP: 1/1
   325 | D:1      | Reached XP level 2. HP: 19/19 MP: 2/2
  1084 | D:2      | Reached XP level 3. HP: 16/25 MP: 3/3
  1324 | D:2      | Reached skill level 1 in Invocations
  1514 | D:2      | Reached skill level 1 in Fighting
  1514 | D:2      | Reached skill level 1 in Short Blades
  1514 | D:2      | Reached skill level 1 in Long Blades
  1514 | D:2      | Reached skill level 1 in Maces & Flails
  1514 | D:2      | Reached skill level 1 in Polearms
  1514 | D:2      | Reached skill level 1 in Staves
  1514 | D:2      | Reached skill level 1 in Slings
  1514 | D:2      | Reached skill level 1 in Bows
  1514 | D:2      | Reached skill level 1 in Crossbows
  1514 | D:2      | Reached skill level 1 in Dodging
  1514 | D:2      | Reached skill level 1 in Shields
  1514 | D:2      | Reached skill level 1 in Unarmed Combat
  1514 | D:2      | Reached skill level 1 in Spellcasting
  1514 | D:2      | Reached skill level 1 in Evocations
  1533 | D:2      | Reached XP level 4. HP: 32/32 MP: 5/5
  1880 | D:3      | Found a hazy altar of Hepliaklqana.
  2070 | D:4      | Reached skill level 1 in Conjurations
  2070 | D:4      | Reached skill level 1 in Hexes
  2070 | D:4      | Reached skill level 1 in Charms
  2070 | D:4      | Reached skill level 1 in Summonings
  2070 | D:4      | Reached skill level 1 in Translocations
  2070 | D:4      | Reached skill level 1 in Transmutations
  2070 | D:4      | Reached skill level 1 in Fire Magic
  2070 | D:4      | Reached skill level 1 in Ice Magic
  2070 | D:4      | Reached skill level 1 in Earth Magic
  2070 | D:4      | Reached skill level 1 in Poison Magic
  2072 | D:4      | Found a staircase to the Ecumenical Temple.
  2113 | Temple   | Entered the Ecumenical Temple
  2123 | Temple   | Became a worshipper of Warmaster Okawaru
  2149 | D:4      | Reached XP level 5. HP: 29/37 MP: 5/7
  2319 | D:4      | Reached XP level 6. HP: 44/44 MP: 8/8
  2321 | D:4      | Found an iron altar of Okawaru.
  2569 | D:3      | Found a faded altar of an unknown god.
  2697 | D:3      | HP: 2/44 [orc wizard/puff of flame (9)]
  2705 | D:3      | HP: 2/44 [orc wizard/puff of flame (5)]
  3122 | D:3      | HP: 2/44 [poisoned by an orc wizard]
  3123 | D:3      | Reached skill level 5 in Axes
  3123 | D:3      | Succumbed to an orc wizard's poison

Skill      XL: |  1  2  3  4  5  6 |
---------------+-------------------+-----
Invocations    | 1 2 |  2.1
Fighting       | 1 2 |  2.0
Short Blades   | 1 2 |  2.0
Long Blades    | 1 2 |  2.0
Maces & Flails | 1 2 |  2.0
Polearms       | 1 2 |  2.0
Staves         | 1 2 |  2.0
Slings         | 1 2 |  2.0
Bows           | 1 2 |  2.0
Crossbows      | 1 2 |  2.0
Dodging        | 1 2 |  2.0
Shields        | 1 2 |  2.0
Unarmed Combat | 1 2 |  2.0
Spellcasting   | 1 2 |  2.0
Evocations     | 1 2 |  2.0
Conjurations   | 1 |  1.5
Hexes          | 1 |  1.5
Charms         | 1 |  1.5
Summonings     | 1 |  1.5
Translocations | 1 |  1.5
Transmutations | 1 |  1.5
Fire Magic     | 1 |  1.5
Ice Magic      | 1 |  1.5
Earth Magic    | 1 |  1.5
Poison Magic   | 1 |  1.5
Throwing       | 3 |  3.2
Armour         | 3 |  3.2
Air Magic      | 4 |  4.1
Stealth        | 3 |  3.1
Axes           | 5 |  5.0
Necromancy     | |  5.6

Action                   |  1- 3 |  4- 6 || total
-------------------------+-------+-------++-------
Melee: Club              |    17 |       ||    17
       Short sword       |    76 |       ||    76
       Bite              |    10 |    12 ||    22
       Trident           |    54 |   174 ||   228
       Punch             |       |     1 ||     1
  Use: Scroll            |       |     2 ||     2
       Potion            |       |     1 ||     1
  Eat: Chunk             |     2 |       ||     2
       Ration            |       |     2 ||     2
Armor: Scale mail        |    82 |   115 ||   197
       Skin              |       |     9 ||     9
Dodge: Dodged            |    76 |   115 ||   191
